Description

2 base, 5min attack. Build by ProBoEngine.com - in test phase.

Build Order

Get SALT Encoding   

  12  0:00  Probe  
  13  0:12  Probe  
  14  0:17  Dark Pylon  
  14  0:24  Probe  
  15  0:36  Probe (Chrono Boost)  
  16  0:37  Gateway  
  16  0:44  Probe  
  17  0:52  Probe, Assimilator  
  18  1:02  Probe  
  19  1:14  Probe  
  20  1:26  Nexus, Probe  
  21  1:30  Dark Pylon  
  21  1:32  Assimilator  
  21  1:41  Cybernetics Core  
  21  1:44  Probe  
  22  1:56  Probe  
  23  2:17  Warp Gate (Chrono Boost), Assimilator  
  23  2:52  Twilight Council  
  23  2:59  Stargate, Protoss Air Weapons Level 1  
  23  3:18  Stargate  
  23  3:28  Charge  
  23  3:42  Void Ray  
  27  3:47  Gateway  
  27  3:54  Zealot  
  29  4:01  Void Ray (Chrono Boost), Dark Pylon  
  33  4:14  Zealot  
  35  4:25  Void Ray (Chrono Boost)  
  39  4:30  Void Ray  
  43  4:35  Zealot, Dark Pylon  
  45  4:55  Zealot  
  45  4:42  Power Overwhelming (Chrono Boost)  CHRONO: Voidray, Airweap, Charge
Spawning Tool Build Advisor. Get it on Overwolf

Go to:

Details

  • Created by: Crelle_R
  • Published on: Aug 31, 2020
  • Modified on: Aug 31, 2020
  • Patch: 4.11.0
  • Difficulty: Easy
Show
View Real Time Build Order
Export as new Build Order

Comments (1)

On Dec. 10, 2020, 9:56 a.m., marvx6  said:

21 1:30 Dark Pylon is missing in salt encoding

Create an account to comment!